 Dungeon Crawl Stone Soup version 0.31-a0-1-g4198be8af4 (webtiles) character file.

Game seed: 5832438084407686287

455 bmack86 the Chopper (level 6, -1/56 HPs)
             Began as a Minotaur Fighter on May 1, 2023.
             Killed from afar by a goblin (19 damage)
             ... with a bolt of dispelling energy
             ... on level 4 of the Dungeon.
             The game lasted 00:06:42 (2400 turns).

bmack86 the Chopper (Minotaur Fighter)              Turns: 2400, Time: 00:06:43

Health: -1/56      AC: 12    Str: 23    XL:     6   Next: 76%
Magic:  5/5        EV:  8    Int:  5    God:
Gold:   334        SH:  4    Dex:  9    Spells: 5/5 levels left

rFire   . . .        a - +1 war axe
rCold   . . .        c - +0 buckler
rNeg    . . .        m - +1 chain mail {Will+}
rPois   .            (helmet restricted)
rElec   .            (no cloak)
rCorr   .            o - +0 pair of gloves
SInv    .            (no boots)
Will    +....        (no amulet) Stlth
                     (no ring)
HPRegen 0.29/turn    (no ring)
MPRegen 0.09/turn

%: no passive effects
@: no status effects
A: horns 2, retaliatory headbutt
a: no special abilities


You were on level 4 of the Dungeon.
You visited 2 branches of the dungeon, and saw 5 of its levels.

You collected 334 gold pieces.

Inventory:

Hand Weapons
 a - a +1 war axe (weapon)
Missiles
 l - 7 poisoned darts (quivered)
Armour
 b - a +0 scale mail
 c - a +0 buckler (worn)
 m - a +1 chain mail of willpower (worn)
 o - a +0 pair of gloves (worn)
Wands
 e - a wand of flame (10)
Scrolls
 g - 2 scrolls of teleportation
Potions
 d - a potion of might
 h - 2 potions of heal wounds
 i - a potion of flight
 k - a potion of cancellation
 n - a potion of haste {unknown}
 p - a potion of invisibility {unknown}
 q - a potion of magic {unknown}
 s - a potion of attraction {unknown}
 t - a potion of curing {unknown}


   Skills:
 + Level 5.0 Fighting
 * Level 5.5 Axes
 + Level 2.3 Throwing
 + Level 5.0 Armour
 + Level 5.0 Shields


You had 5 spell levels left.
You didn't know any spells.
Your spell library contained the following spells:

 Spells                   Type           Power      Damage    Failure   Level
 Manifold Assault         Tloc           0%         N/A       100%        4
 Dispersal                Tloc           0%         N/A       100%        6
 Disjunction              Tloc           0%         N/A       100%        8


Dungeon Overview and Level Annotations

Branches:
Dungeon (4/15)             Temple (1/1) D:4

Altars:
Ashenzari
Hepliaklqana
Ru
Sif Muna
Trog
Uskayaw
Vehumet
Xom
Yredelemnul

Shops:
D:1 *:(


Innate Abilities, Weirdness & Mutations

You have a pair of horns on your head.
You reflexively headbutt those who attack you in melee.


Message History

The goblin hits you but does no damage.
You miss the phantom. You headbutt the phantom.
The phantom is heavily damaged.
You barely miss the goblin. The phantom hits you.
The phantom blinks!
You blink.
The phantom attacks as you move away!
The phantom hits you but does no damage.
You barely miss the phantom. You headbutt the phantom!
The phantom is severely damaged.
The phantom barely misses you.
You closely miss the phantom.
You headbutt the phantom, but do no damage.
The phantom is severely damaged.
You hit the goblin.
You kill the goblin!
The phantom hits you.
The phantom blinks!
You blink.
You block the phantom's attack.
You slash the phantom!
You destroy the phantom!
Your Fighting skill increases to level 5!
Your Armour skill increases to level 5!
Your Shields skill increases to level 5!
e - a wand of flame (10)
You see here a jackal corpse.
The goblin shouts!
The goblin zaps a wand.
The bolt of dispelling energy hits you!!
You see here a wand of flame (26).
The goblin zaps a wand.
The bolt of dispelling energy hits you.
You see here 5 gold pieces.
The goblin zaps a wand.
The bolt of dispelling energy misses you.
You hit the goblin.
The goblin is heavily wounded.
You block the goblin's attack.
You miss the goblin.
The goblin is heavily wounded.
The goblin zaps a wand.
The bolt of dispelling energy hits you!!
You die...

#..#
###..#.###.######
#..###....#.. #!#
#..#......... ##.#
#.†#......... #..#
#...##...#.. #..#
#).....#._ ##...#
##....#.#####..#.#
##.#.g##.##..##.##
#...@$..........#
###/###########.#
#.# #.# #.# #.#
#.# #.# #.# #.#
#.# #.# #.# ...
#.#


You could see a goblin.

Vanquished Creatures
  3 phantoms (D:4)
  A scorpion (D:4)
  2 iguanas (D:4)
  7 adders
  A dart slug (D:2)
  5 ball pythons
  3 endoplasms
  A giant cockroach (D:2)
  7 goblins
  5 hobgoblins
  5 jackals
  2 quokkas
  4 bats
  5 frilled lizards
  7 kobolds
  4 rats
62 creatures vanquished.

Notes
Turn   | Place    | Note
-------+----------+-------------------------------------------
     0 | D:1      | bmack86 the Minotaur Fighter began the quest for the Orb.
     0 | D:1      | Reached XP level 1. HP: 19/19 MP: 0/0
   187 | D:1      | Found Latzimi's Antique Weapon Emporium.
   274 | D:1      | Reached XP level 2. HP: 27/27 MP: 1/1
   290 | D:1      | Found Mohi's General Store.
   356 | D:1      | Found Qireobel's Book Boutique.
   852 | D:2      | Reached XP level 3. HP: 28/33 MP: 2/2
   994 | D:2      | Found a faded altar of an unknown god.
  1309 | D:2      | Reached XP level 4. HP: 40/40 MP: 3/3
  1611 | D:3      | Reached skill level 1 in Throwing
  1924 | D:4      | Reached XP level 5. HP: 47/47 MP: 4/4
  2099 | D:4      | Found a staircase to the Ecumenical Temple.
  2131 | Temple   | Entered the Ecumenical Temple
  2334 | D:4      | Noticed a phantom
  2350 | D:4      | Killed a phantom
  2351 | D:4      | Reached skill level 5 in Axes
  2351 | D:4      | Reached XP level 6. HP: 50/53 MP: 5/5
  2362 | D:4      | Found a hazy altar of Hepliaklqana.
  2381 | D:4      | Reached skill level 5 in Fighting
  2381 | D:4      | Reached skill level 5 in Armour
  2381 | D:4      | Reached skill level 5 in Shields
  2400 | D:4      | Killed from afar by a goblin

Illustrated notes

Levels and vault maps discovered:
D:1:      dpeg_arrival_court, layout_basic, serial_shops,
          nicolae_shop_waterfront, nicolae_shop_real_fake_doors, shop
D:2:      layout_loops_cross, shapermc_ecumenical_altar_hornbeckon
D:3:      layout_rooms
D:4:      layout_loops_ring, good_gods_temple_1, minmay_temple_entry_ruins,
          minmay_ruined_shrine
Temple:   nicolae_temple_ecumenical_triangle

Skill      XL: |  1  2  3  4  5  6 |
---------------+-------------------+-----
Axes           | 3 4 5 |  5.5
Fighting       | 4 5 |  5.0
Armour         | 4 5 |  5.0
Shields        | 4 5 |  5.0
Throwing       | 1 2 |  2.3

Action                     |  1- 3 |  4- 6 || total
---------------------------+-------+-------++-------
  Melee: War axe           |    67 |    74 ||   141
         Headbutt          |     6 |    10 ||    16
    Use: Scroll            |       |     7 ||     7
 Armour: Scale mail        |    25 |       ||    25
         Chain mail        |    12 |    52 ||    64
  Dodge: Dodged            |    41 |    32 ||    73
  Block: Buckler           |    24 |    19 ||    43

Table legend: (Time is in decaauts)
 A = Elapsed time spent in this place.
 B = Non-inter-level travel time spent in this place.
 C = Inter-level travel time spent in this place.
 D = Time resting spent in this place.
 E = Time spent auto-exploring this place.
 F = Levels seen in this place.
 G = Mean time per level.
                   A        B        C        D        E       F      G
               +--------+--------+--------+--------+--------+-----+--------+
         Total |   2455 |   2407 |     48 |      0 |   1586 |   5 |  491.0 |
       Dungeon |   2410 |   2362 |     48 |      0 |   1586 |   4 |  602.5 |
        Temple |     45 |     45 |      0 |      0 |      0 |   1 |   45.0 |
               +--------+--------+--------+--------+--------+-----+--------+

Top non-repeatable levels by time:
     D:2: 778 daAuts
     D:1: 708 daAuts
     D:4: 466 daAuts
     D:3: 457 daAuts
  Temple: 45 daAuts
